 Dungeon Sprint DCSS version 0.19-a0-1568-gdd01aac (webtiles) character file.

5721 BenDover the Martial Artist (level 10, -5/81 (83) HPs)
             Began as a Demonspawn Transmuter on Sept 15, 2016.
             Was the Champion of Cheibriados.
             Shot with an arrow by a deep elf master archer (25 damage)
             ... in the Dungeon (Sprint II: "The Violet Keep of Menkaure").
             The game lasted 00:07:12 (1917 turns).

BenDover the Martial Artist (Demonspawn Transmuter) Turns: 1917, Time: 00:07:12

HP:   -5/81 (83)    AC: 13    Str: 25    XL:     10   Next: 48%
MP:   0/17          EV: 18    Int: 33    God:    Cheibriados [******]
Gold: 350           SH:  4    Dex: 25    Spells: 2 memorised, 14 levels left

rFire  + . .     SeeInvis .       - Unarmed
rCold  . . .     Gourm    .     e - +2 scale mail of the Cast Vote {rN+ Str+2 Dex-2 Slay+3}
rNeg   + . .     Faith    .     (shield currently unavailable)
rPois  +         Spirit   +     (helmet restricted)
rElec  .         Dismiss  .     (no cloak)
rCorr  .         Reflect  .     (gloves currently unavailable)
MR     .....     Harm     .     k - +2 pair of boots {Fly}
Stlth  ++........ NoTele   +    (no amulet)
                                m - ring of poison resistance
                                l - ring of wizardry

@: blade hands, flying, very slow
A: horns 2, large bone plates 1, clumsy 1, fire resistance 1, low mp 1, weak 1,
magic shield, magic regeneration, magic link, MP-powered wands
a: End Transformation, Bend Time, Temporal Distortion, Slouch, Step From Time,
Renounce Religion


You were in the Dungeon.
You worshipped Cheibriados.
Cheibriados was exalted by your worship.
You were not hungry.
You had blades for hands.
You visited 1 branch You collected 1296 gold pieces.
You spent 946 gold pieces at shops.

Inventory:

Missiles
 a - 12 arrows
Armour
 b - a +0 robe
 e - the +2 scale mail of the Cast Vote (worn) {rN+ Str+2 Dex-2 Slay+3}
   (You bought it in a shop in the Dungeon)

   It affects your strength (+2).
   It affects your dexterity (-2).
   It affects your accuracy and damage with ranged weapons and melee attacks
   (+3).
   It protects you from negative energy.
 k - a +2 pair of boots of flying (worn)
Jewellery
 l - a ring of wizardry (left scythe-like blade)
 m - a ring of poison resistance (right scythe-like blade)
Scrolls
 j - a scroll of blinking
Potions
 d - 2 potions of flight
 g - a potion of haste
 h - 2 potions of magic
Books
 c - a book of Changes

   Spells                             Type                      Level
   a - Beastly Appendage              Transmutation                1
   b - Sticks to Snakes               Transmutation                2
   c - Spider Form                    Transmutation/Poison         3
   d - Ice Form                       Ice/Transmutation            4
   e - Blade Hands                    Transmutation                5


   Skills:
 + Level 9.5 Fighting
 + Level 6.4 Armour
 + Level 8.9 Dodging
 - Level 6.0 Stealth
 + Level 11.8 Unarmed Combat
 - Level 5.9 Spellcasting
 - Level 10.9 Transmutations
 + Level 9.0 Invocations
 - Level 1.4 Evocations


You had 14 spell levels left.
You knew the following spells:

 Your Spells              Type           Power        Failure   Level  Hunger
a - Beastly Appendage     Tmut           ######       3%          1    None
g - Blade Hands           Tmut           ######....   12%         5    #####..


Dungeon Overview and Level Annotations

Branches:
Dungeon (1/1)

Altars:
Cheibriados
Dithmenos
Elyvilon
Fedhas
Gozag
Hepliaklqana
Kikubaaqudgha
Makhleb
Nemelex Xobeh
Okawaru
Qazlal
Ru
Sif Muna
Trog
Uskayaw
Vehumet
Xom
Yredelemnul
Zin
The Shining One
Beogh
Jiyva
Lugonu

Shops:
D ::?[(%[[=}:!%=*!

Annotations:
D exclusion: oklob plant


Innate Abilities, Weirdness & Mutations

You have a pair of horns on your head.
You are partially covered in large bone plates. (SH +4)
Your flesh is heat resistant. (rF+)
When hurt, damage is shared between your health and your magic reserves.
You regenerate magic rapidly.
When low on magic, you restore magic in place of health.
You are clumsy. (Dex -2)
Your magical capacity is low. (-10% MP)
You are weak. (Str -2)
You expend magic power (3 MP) to strengthen your wands.


Message History

The deep elf master archer is severely wounded.
The deep elf master archer shoots an arrow.
The arrow closely misses you.
You miss the deep elf master archer.
The deep elf master archer is severely wounded.
The deep elf master archer shoots an arrow.
The arrow hits you!!
* * * LOW HITPOINT WARNING * * *
The arrow freezes you.
* * * LOW HITPOINT WARNING * * *
You hear a sizzling splash.
You don't have enough magic at the moment.
You don't have enough magic at the moment.
You slash the deep elf master archer!
You headbutt the deep elf master archer!
Your slash misses the deep elf master archer.
The deep elf master archer is almost dead.
The deep elf master archer shoots an arrow.
The arrow hits you!!
You die...

##++## ## ##§§..### ≈##
#e@§..^(### ###≈≈#++
####†...#.## ##≈≈≈...
#..'....#..# .#≈≈≈≈.## ##
#..####.#..# .#≈≈≈≈##.
.##.####..†.##.#
.#≈≈≈≈#..#..# ...#.†#.^.####
.#≈≈####...####..#####^.##.#


$$([ .#≈##.###†###.##..#..'..#..#▓)$$? .#≈#...##.##.#.#..#..#..#..#▓)[%( You
could see a deep elf master archer.

Vanquished Creatures
  A crystal guardian (D)
  2 death drakes (D)
  A siren (D)
  A yaktaur (D)
  3 slime creatures (D)
  3 polar bears (D)
  3 yaks (D)
  4 neqoxecs (D)
  Menkaure (D)
  2 hippogriffs (D)
  3 soldier ants (D)
  A swamp drake (D)
  4 necrophages (D)
  A wasp (D)
  A hell rat (D)
31 creatures vanquished.

Vanquished Creatures (others)
  A swamp drake (D)
  A crocodile (D)
2 creatures vanquished.

Grand Total: 33 creatures vanquished

Notes
Turn   | Place    | Note
-------+----------+-------------------------------------------
     0 | D        | BenDover the Demonspawn Transmuter began the quest for the Orb.
     0 | D        | Reached XP level 1. HP: 15/15 MP: 3/3
     1 | D        | Noticed a neqoxec
     1 | D        | Noticed a neqoxec
     1 | D        | Noticed a neqoxec
     1 | D        | Noticed a neqoxec
     2 | D        | Noticed a quasit
     8 | D        | Gained mutation: You are weak. (Str -2) [a neqoxec]
    10 | D        | Gained mutation: Your magical capacity is low. (-10% MP) [a neqoxec]
    13 | D        | Killed a neqoxec
    13 | D        | Reached skill level 6 in Unarmed Combat
    13 | D        | Gained mutation: You are partially covered in large bone plates. (SH +4) [demonic ancestry]
    13 | D        | Reached XP level 2. HP: 21/21 MP: 1/4
    13 | D        | Reached XP level 3. HP: 26/26 MP: 1/5
    13 | D        | Gained mutation: When hurt, damage is shared between your health and your magic reserves. [demonic ancestry]
    13 | D        | Reached XP level 4. HP: 32/32 MP: 1/6
    15 | D        | Gained mutation: You expend magic power (3 MP) to strengthen your wands. [a neqoxec]
    19 | D        | Killed a neqoxec
    19 | D        | Reached skill level 8 in Unarmed Combat
    19 | D        | Gained mutation: You have a pair of small horns on your head. [demonic ancestry]
    19 | D        | Reached XP level 5. HP: 12/37 MP: 1/7
    22 | D        | Killed a neqoxec
    22 | D        | Reached skill level 9 in Unarmed Combat
    22 | D        | Gained mutation: Your flesh is heat resistant. (rF+) [demonic ancestry]
    22 | D        | Reached XP level 6. HP: 5/43 MP: 0/8
    23 | D        | Gained mutation: You are clumsy. (Dex -2) [a neqoxec]
    25 | D        | HP: 2/64 [shadow imp[a neqoxec] (3)]
    27 | D        | Killed a neqoxec
    27 | D        | Reached skill level 10 in Unarmed Combat
    36 | D        | Learned a level 5 spell: Blade Hands
   321 | D        | Noticed a siren
   335 | D        | Killed a siren
   335 | D        | Gained mutation: You have a pair of horns on your head. [demonic ancestry]
   335 | D        | Reached XP level 7. HP: 28/53 MP: 1/11
   589 | D        | Reached XP level 8. HP: 59/60 MP: 6/13
   592 | D        | Reached skill level 5 in Fighting
   602 | D        | Reached skill level 5 in Dodging
   602 | D        | Reached skill level 5 in Stealth
   602 | D        | Reached skill level 5 in Spellcasting
   680 | D        | Found Ykheran's Distillery.
   680 | D        | Found Ras Dacu's Food Boutique.
   680 | D        | Found Jajahis's Distillery.
   680 | D        | Found Fariz's Jewellery Boutique.
   680 | D        | Found Astey's Antique Armour Shop.
   680 | D        | Found Gicuh's Book Shop.
   680 | D        | Found Qimnaem's Antique Armour Boutique.
   681 | D        | Found Zukokhlerr's Food Boutique.
   681 | D        | Found Qyefojye's Antique Weapon Shop.
   681 | D        | Found Ucoloq's Armour Boutique.
   681 | D        | Found Uvey's Jewellery Shop.
   682 | D        | Found Lofena's Magic Scroll Shop.
   682 | D        | Found Kiushru's Book Boutique.
   683 | D        | Found Kickoa's General Store.
   683 | D        | Found Firrow's Gadget Shop.
   684 | D        | Noticed Menkaure
   684 | D        | Noticed an oklob plant
   685 | D        | Found Baihixoo's Book Shoppe.
   685 | D        | Noticed a shining eye
   685 | D        | Noticed a shining eye
   689 | D        | Noticed a shining eye
   704 | D        | Killed Menkaure
   727 | D        | Bought a bloodstained scale mail for 252 gold pieces
   738 | D        | Identified the +2 scale mail of the Cast Vote {rN+ Str+2 Dex-2 Slay+3} (You bought it in a shop in the Dungeon)
   739 | D        | Bought a pair of runed boots for 94 gold pieces
   746 | D        | Bought an uncursed ring of wizardry for 360 gold pieces
   747 | D        | Bought an uncursed ring of poison resistance for 240 gold pieces
   790 | D        | Found a stormy altar of Qazlal.
   790 | D        | Found a shimmering altar of Xom.
   791 | D        | Found a hazy altar of Hepliaklqana.
   791 | D        | Found a sacrificial altar of Ru.
   791 | D        | Found a basalt altar of Yredelemnul.
   792 | D        | Found a roughly hewn altar of Beogh.
   792 | D        | Found a viscous altar of Jiyva.
   792 | D        | Found a deep blue altar of Sif Muna.
   793 | D        | Found a snail-covered altar of Cheibriados.
   793 | D        | Found an ancient bone altar of Kikubaaqudgha.
   793 | D        | Found a bloodstained altar of Trog.
   794 | D        | Found a shadowy altar of Dithmenos.
   794 | D        | Found a corrupted altar of Lugonu.
   795 | D        | Found a white marble altar of Elyvilon.
   795 | D        | Found a burning altar of Makhleb.
   796 | D        | Found a blossoming altar of Fedhas.
   798 | D        | Found an opulent altar of Gozag.
   798 | D        | Found a glowing silver altar of Zin.
   798 | D        | Found a hide-covered altar of Uskayaw.
   798 | D        | Found a sparkling altar of Nemelex Xobeh.
   798 | D        | Noticed a polar bear
   799 | D        | Noticed a polar bear
   799 | D        | Found a glowing golden altar of the Shining One.
   799 | D        | Found a radiant altar of Vehumet.
   799 | D        | Found an iron altar of Okawaru.
   799 | D        | Noticed a yaktaur
   800 | D        | Noticed a polar bear
   803 | D        | Became a worshipper of Cheibriados the Contemplative
   809 | D        | Killed a polar bear
   809 | D        | Reached skill level 1 in Armour
   809 | D        | Reached skill level 10 in Transmutations
   809 | D        | Reached skill level 1 in Evocations
   813 | D        | Killed a polar bear
   813 | D        | Reached * piety under Cheibriados
   817 | D        | Killed a yaktaur
   817 | D        | Gained mutation: You regenerate magic rapidly. [demonic ancestry]
   817 | D        | Reached XP level 9. HP: 64/70 MP: 9/16
   829 | D        | Killed a polar bear
   829 | D        | Reached ** piety under Cheibriados
   982 | D        | Noticed a death drake
   997 | D        | Killed a death drake
   997 | D        | Reached skill level 5 in Invocations
  1373 | D        | Noticed a death drake
  1383 | D        | Reached *** piety under Cheibriados
  1397 | D        | Killed a death drake
  1397 | D        | Reached skill level 11 in Unarmed Combat
  1710 | D        | Reached **** piety under Cheibriados
  1710 | D        | Reached skill level 5 in Armour
  1710 | D        | Gained mutation: When low on magic, you restore magic in place of health. [demonic ancestry]
  1710 | D        | Reached XP level 10. HP: 55/80 MP: 9/17
  1820 | D        | Noticed a crystal guardian
  1840 | D        | Reached ***** piety under Cheibriados
  1854 | D        | Killed a crystal guardian
  1890 | D        | Noticed a deep elf master archer
  1903 | D        | Reached ****** piety under Cheibriados
  1917 | D        | Shot with an arrow by a deep elf master archer

Vault maps used:
D:        the_violet_keep_of_menkaure

Skill      XL: |  1  2  3  4  5  6  7  8  9 10 |
---------------+-------------------------------+-----
Unarmed Combat | 6 8 9 10 11 | 11.8
Transmutations | 6 8 9 10 | 10.9
Fighting       | 3 4 6 8 9 |  9.5
Dodging        | 3 4 6 8 |  8.9
Stealth        | 3 4 6 |  6.0
Spellcasting   | 4 5 |  5.9
Armour         | 2 5 6 |  6.4
Evocations     | 1 |  1.4
Invocations    | 3 7 9 |  9.0

Action                   |  1- 3 |  4- 6 |  7- 9 | 10-12 || total
-------------------------+-------+-------+-------+-------++-------
Melee: Unarmed           |     9 |    17 |    63 |    27 ||   116
       Kick              |     2 |     3 |       |       ||     5
       Headbutt          |       |     1 |     9 |     8 ||    18
       Punch             |       |       |     3 |     1 ||     4
 Cast: Beastly Appendage |     1 |       |       |       ||     1
       Blade Hands       |       |     1 |     7 |     3 ||    11
Invok: Temporal Distorti |       |       |     1 |       ||     1
 Abil: End Transformatio |       |       |     2 |       ||     2
  Use: Potion            |     1 |     1 |     1 |     1 ||     4
 Stab: Distracted        |       |       |       |     1 ||     1
  Eat: Chunk             |       |       |     3 |       ||     3
       Bread ration      |       |       |     1 |       ||     1
Armor: Robe              |     8 |     1 |       |       ||     9
       Scale mail        |       |       |    14 |     6 ||    20
Dodge: Dodged            |     6 |     5 |    26 |     9 ||    46
Block: Other             |       |     2 |     8 |     5 ||    15
